 Dungeon Crawl Stone Soup version 0.21-a0-225-g207ae17 (webtiles) character file.

282 KristoblXynda the Ruffian (level 6, -3/51 HPs)
             Began as a Draconian Monk on Aug 28, 2017.
             Killed from afar by Sigmund (6 damage)
             ... with a puff of flame
             ... on level 3 of the Dungeon.
             The game lasted 00:06:15 (3238 turns).

KristoblXynda the Ruffian (Draconian Monk)          Turns: 3238, Time: 00:06:16

Health: -3/51      AC:  6    Str: 12    XL:     6   Next: 6%
Magic:  6/6        EV: 14    Int: 12    God:
Gold:   96         SH:  0    Dex: 13    Spells: 5/5 levels left

rFire    . . .     SeeInvis .     - Unarmed
rCold    . . .     Gourm    .   (no shield)
rNeg     . . .     Faith    .   (armour unavailable)
rPois    .         Spirit   .   (helmet restricted)
rElec    .         Reflect  .   (no cloak)
rCorr    .         Harm     .   (no gloves)
MR       .....                  (no boots)
Stlth    ++........             (no amulet)
HPRegen  0.17/turn              (no ring)
MPRegen  0.10/turn              (no ring)

@: no status effects
A: unfitting armour, antennae 1, weak 1, cold-blooded, AC +6
a: no special abilities


You were on level 3 of the Dungeon.
You were not hungry.

You visited 1 branch of the dungeon, and saw 3 of its levels.

You collected 96 gold pieces.

Inventory:

Scrolls
 d - a scroll of amnesia {unknown}
 e - a scroll of remove curse {unknown}
 g - a scroll of identify
 h - a scroll of teleportation {unknown}
Potions
 b - a potion of agility
 f - a potion of haste {unknown}
Comestibles
 a - 2 bread rations
 c - 3 meat rations


   Skills:
 - Level 3.2 Fighting
 + Level 4.3 Dodging
 - Level 2.6 Stealth
 + Level 5.3 Unarmed Combat


You had 5 spell levels left.
You didn't know any spells.

Dungeon Overview and Level Annotations

Branches:
Dungeon (3/15)

Altars:
Fedhas

Annotations:
D:3 Sigmund


Innate Abilities, Weirdness & Mutations

Your plain brown scales are hard. (AC +6)
You cannot fit into any form of body armour.
You are cold-blooded and may be slowed by cold attacks.
You have a pair of small antennae on your head.
You are weak. (Str -2)


Message History

Sigmund is heavily wounded.
You barely miss Sigmund.
Sigmund is heavily wounded.
Sigmund closely misses you.
You hit Sigmund.
Sigmund is severely wounded.
Sigmund gestures wildly while chanting.
Sigmund flickers and vanishes!
Deactivating autopickup; reactivate with Ctrl-A.
You miss something.
You hear some strange, mumbled words.
A magic dart appears from out of thin air!
The magic dart hits you!
You closely miss something. Something hits you!
You hit something but do no damage. Something hits you!
* * * LOW HITPOINT WARNING * * *
A puff of flame appears from out of thin air!
The puff of flame hits you!
You die...

#.# #..# ##.#.##
##..##.#######
#####.#...[.......
...##...).#
#$###...##
#....@.##
#.####.## #.....#
#<.# ###.### ##.#
#. .# # .# .# .#
##


There were no monsters in sight!

Vanquished Creatures
  2 orc wizards (D:2)
  2 orc priests (D:2)
  Natasha (thrice) (D:2)
  A gnoll (D:1)
  An adder (D:2)
  An ooze (D:2)
  3 worms (D:2)
  2 dart slugs
  2 leopard geckos
  3 orcs (D:2)
  6 bats
  2 giant cockroaches (D:1)
  5 goblins
  6 hobgoblins
  3 jackals (D:1)
  2 ball pythons (D:2)
  3 frilled lizards
  2 kobolds (D:1)
  11 rats
60 creatures vanquished.

Notes
Turn   | Place    | Note
-------+----------+-------------------------------------------
     0 | D:1      | KristoblXynda the Draconian Monk began the quest for the Orb.
     0 | D:1      | Reached XP level 1. HP: 19/19 MP: 1/1
   198 | D:1      | Reached XP level 2. HP: 23/26 MP: 2/2
   781 | D:1      | Reached XP level 3. HP: 22/31 MP: 3/3
  1204 | D:2      | Reached skill level 4 in Unarmed Combat
  1568 | D:2      | Noticed Natasha
  1586 | D:2      | Killed Natasha
  1586 | D:2      | Reached XP level 4. HP: 11/38 MP: 4/4
  1889 | D:2      | Noticed Natasha
  1927 | D:2      | Gained mutation: You have a pair of small antennae on your head. [potion of mutation]
  1927 | D:2      | Gained mutation: Your spells are a little easier to cast, but a little less powerful. [potion of mutation]
  1927 | D:2      | Gained mutation: You have large cloven feet. [potion of mutation]
  1932 | D:2      | Lost mutation: Your spells are a little easier to cast, but a little less powerful. [potion of mutation]
  1932 | D:2      | Lost mutation: You have a pair of small antennae on your head. [potion of mutation]
  1932 | D:2      | Lost mutation: You have large cloven feet. [potion of mutation]
  1932 | D:2      | Gained mutation: You are weak. (Str -2) [potion of mutation]
  1932 | D:2      | Gained mutation: You have a pair of small antennae on your head. [potion of mutation]
  1944 | D:2      | Reached XP level 5. HP: 28/45 MP: 5/5
  1957 | D:2      | Killed Natasha
  2288 | D:2      | Reached skill level 5 in Unarmed Combat
  2746 | D:2      | Noticed Natasha
  2763 | D:2      | Killed Natasha
  2763 | D:2      | Reached XP level 6. HP: 25/51 MP: 6/6
  2912 | D:2      | Found a blossoming altar of Fedhas.
  3221 | D:3      | Noticed Sigmund
  3235 | D:3      | HP: 2/51 [something (17)]
  3238 | D:3      | Killed from afar by Sigmund

Vault maps used:
D:1:      dpeg_arrival_rooms_c, serial_glass, glass_columns_a, glass_columns_a,
          glass_columns_b, glass_columns_a, glass_columns_a, glass_columns_a,
          glass_columns_a, glass_columns_b, glass_columns_a, glass_columns_a,
          glass_columns_c, glass_columns_b, glass_columns_a, glass_columns_c,
          minmay_misc_feat_hallway
D:2:      cheibrodos_pilgrimage, marbit_many_paths, uniq_natasha
D:3:      uniq_sigmund

Skill      XL: |  1  2  3  4  5 |
---------------+----------------+-----
Dodging        | 3 4 |  4.3
Unarmed Combat | 4 5 |  5.3
Stealth        | 2 |  2.6
Fighting       | |  3.2

Action                   |  1- 3 |  4- 6 || total
-------------------------+-------+-------++-------
Melee: Unarmed           |   123 |   139 ||   262
       Tailslap          |    11 |    21 ||    32
       Punch             |       |     4 ||     4
  Use: Potion            |       |     5 ||     5
       Scroll            |       |     3 ||     3
 Stab: Sleeping          |     3 |     2 ||     5
  Eat: Chunk             |     2 |     6 ||     8
Armor: Skin              |    25 |    25 ||    50
Dodge: Dodged            |    72 |    65 ||   137

Table legend:
 A = Spawn XP
 B = Non-spawn XP
 C = Spawn XP percentage of total XP
 D = Spawn monster count
 E = Non-spawn monster count
 F = Spawn count percentage of total count
 G = Total turns spent on level
                    A         B        C        D         E        F      G
               +---------+---------+-------+---------+---------+-------+---------
         Total |      50 |     354 |  12.4 |      15 |      45 |  25.0 |  3238
               +---------+---------+-------+---------+---------+-------+---------
           D:1 |      26 |      28 |  48.1 |       7 |      17 |  29.2 |  1106
           D:2 |      24 |     326 |   6.9 |       8 |      28 |  22.2 |  2106
               +---------+---------+-------+---------+---------+-------+---------
